 Dungeon Crawl Stone Soup version 0.18.1-8-gdd0e5ea (webtiles) character file.

347 M4edhros the Covert (level 6, -3/38 HPs)
             Began as an Octopode Artificer on June 8, 2016.
             Slain by a sky beast (5 damage)
             ... on level 5 of the Dungeon.
             The game lasted 00:03:31 (2549 turns).

M4edhros the Covert (Octopode Artificer)            Turns: 2549, Time: 00:03:32

Health: -3/38      AC:  1    Str: 11    XL:     6   Next: 59%
Magic:  8/8        EV: 12    Int: 14    God:
Gold:   153        SH:  0    Dex: 14    Spells: 0 memorised, 5 levels left

rFire  . . .     SeeInvis .     r - +0 rapier
rCold  . . .     Gourm    .     (no shield)
rNeg   . . .     Faith    .     (helmet restricted)
rPois  .         Spirit   .     (no amulet)
rElec  .         Dismiss  .     (no ring)
rCorr  .         Reflect  .     (no ring)
SustAt .         Harm     .     (no ring)
MR     .....                    (no ring)
Stlth  ++++++....               (no ring)
                                (no ring)
                                (no ring)
                                (no ring)

@: not resistant to hostile enchantments, very stealthy
A: almost no armour, amphibious, 8 rings, constrict 8, camouflage 1, gelatinous
body 1
a: no special abilities


You were on level 5 of the Dungeon.
You were not hungry.

You visited 1 branch of the dungeon, and saw 5 of its levels.

You collected 153 gold pieces.

Inventory:

Hand Weapons
 a - a +0 short sword
 o - a +0 whip of flaming
 r - a +0 rapier (weapon)
Wands
 b - a wand of flame (1/48)
 c - a wand of enslavement (10/24)
 d - a wand of random effects (10/48)
Scrolls
 e - a scroll of random uselessness {unknown}
 g - 3 scrolls of remove curse {unknown}
 h - 2 scrolls of fog {unknown}
 i - 2 scrolls of amnesia {unknown}
 k - 2 scrolls of identify {unknown}
 m - 2 scrolls of teleportation {unknown}
 n - a scroll of enchant weapon {unknown}
 u - a scroll of blinking {unknown}
Potions
 l - a potion of lignification {unknown}
 q - 2 potions of curing {unknown}
 s - a potion of magic {unknown}
 t - a potion of flight {unknown}
 w - a potion of agility {unknown}
Books
 j - a book of Flames

   Spells                             Type                      Level
   a - Flame Tongue                   Conjuration/Fire             1
   b - Throw Flame                    Conjuration/Fire             2
   c - Conjure Flame                  Conjuration/Fire             3
   d - Inner Flame                    Hexes/Fire                   3
   e - Sticky Flame                   Conjuration/Fire             4
   f - Fireball                       Conjuration/Fire             5
Comestibles
 f - 5 bread rations
 p - a beef jerky


   Skills:
 - Level 1.0 Fighting
 - Level 1.0 Short Blades
 - Level 2.0 Dodging
 + Level 9.3 Stealth
 - Level 3.2 Evocations


You had 5 spell levels left.
You didn't know any spells.

Dungeon Overview and Level Annotations

Branches:
Dungeon (5/15)
 Temple: D:4-7

Altars:
Qazlal


Innate Abilities, Weirdness & Mutations

You cannot wear most types of armour.
You are amphibious.
You can wear up to eight rings at the same time.
You can use your tentacles to constrict eight enemies at once.
Your skin changes colour to match your surroundings (Stealth).
Your rubbery body absorbs attacks (AC +1).


Message History

Press: ? - help, Shift-Dir - straight line, f/p - sky beast
Aim: a sky beast (almost dead)
The puff of flame misses the sky beast.
This wand has 3 charges left.
The sky beast hits you but does no damage.
Evoke which item? (* to show all) (? for menu, Esc to quit)
Zapping:
b - a wand of flame (3/48)
Press: ? - help, Shift-Dir - straight line, f/p - sky beast
Aim: a sky beast (almost dead)
The puff of flame misses the sky beast.
This wand has 2 charges left.
The sky beast hits you. The sky beast shocks you.
* * * LOW HITPOINT WARNING * * *
Evoke which item? (* to show all) (? for menu, Esc to quit)
Zapping:
b - a wand of flame (2/48)
Press: ? - help, Shift-Dir - straight line, f/p - sky beast
Aim: a sky beast (almost dead)
The puff of flame misses the sky beast.
This wand has 1 charge left.
The sky beast hits you.
* * * LOW HITPOINT WARNING * * *
The sky beast shocks you.
You die...

.#..# .. #.....## .##+#
..#####......# .#
.............# .#
.............# .+
....)........####### .#
#.................#####
.#
#......................
#.....Y................
#......@........)......
........................
........................
..#########.............
. #.............
#.............
#.............
#...........?.


You could see a sky beast.

Vanquished Creatures
  An ogre (D:4)
  A gnoll sergeant (D:4)
  A crimson imp (D:4)
  A hound (D:4)
  An orc priest (D:5)
  2 adders
  A gnoll (D:2)
  A shadow imp (D:4)
  A giant gecko (D:1)
  5 orcs
  6 bats
  5 giant cockroaches
  9 goblins
  6 hobgoblins (D:1)
  A giant gecko skeleton (D:4)
  2 giant newts (D:3)
  A kobold (D:1)
  4 rats
49 creatures vanquished.

Vanquished Creatures (collateral kills)
  4 gnolls
  2 orcs (D:5)
  3 hobgoblins (D:2)
  2 giant newts (D:2)
  A rat (D:2)
12 creatures vanquished.

Vanquished Creatures (others)
  An adder (D:2)
1 creature vanquished.

Grand Total: 62 creatures vanquished

Notes
Turn   | Place    | Note
--------------------------------------------------------------
     0 | D:1      | M4edhros the Octopode Artificer began the quest for the Orb.
     0 | D:1      | Reached XP level 1. HP: 13/13 MP: 3/3
    65 | D:1      | Reached skill level 2 in Stealth
   204 | D:1      | Reached XP level 2. HP: 14/18 MP: 4/4
   221 | D:1      | Reached skill level 3 in Stealth
   582 | D:1      | Reached skill level 4 in Stealth
   585 | D:1      | Reached XP level 3. HP: 23/23 MP: 5/5
   849 | D:2      | Noticed an earth elemental
   853 | D:2      | Found a stormy altar of Qazlal.
   854 | D:2      | Noticed an air elemental
   858 | D:2      | Reached skill level 5 in Stealth
   971 | D:2      | Reached XP level 4. HP: 17/28 MP: 6/6
  1279 | D:4      | Reached skill level 6 in Stealth
  1399 | D:4      | Noticed a gnoll sergeant
  1405 | D:4      | Reached XP level 5. HP: 33/33 MP: 7/7
  1417 | D:4      | HP: 1/33 [gnoll sergeant/spear (10)]
  1418 | D:4      | Reached skill level 7 in Stealth
  1759 | D:4      | Noticed an ogre
  1769 | D:4      | Killed an ogre
  1769 | D:4      | Reached skill level 8 in Stealth
  1769 | D:4      | Reached XP level 6. HP: 38/38 MP: 8/8
  1831 | D:4      | Reached skill level 9 in Stealth
  2243 | D:5      | Entered Level 5 of the Dungeon
  2540 | D:5      | Noticed a sky beast
  2540 | D:5      | an ogre changed into a sky beast
  2549 | D:5      | Slain by a sky beast

Skill      XL: |  1  2  3  4  5  6 |
---------------+-------------------+-----
Stealth        | 2 4 5 6 8 9 |  9.3
Fighting       | |  1.0
Short Blades   | |  1.0
Dodging        | |  2.0
Evocations     | |  3.2

Action                   |  1- 3 |  4- 6 || total
-------------------------+-------+-------++-------
Melee: Short sword       |    58 |    12 ||    70
       Constrict         |    19 |    14 ||    33
       Tentacles         |     8 |    11 ||    19
       Rapier            |       |    35 ||    35
Evoke: Wand              |     6 |    18 ||    24
 Stab: Sleeping          |     5 |     5 ||    10
  Eat: Chunk             |       |     5 ||     5
Armor: Skin              |    12 |     3 ||    15
Dodge: Dodged            |    39 |    24 ||    63
